 Dungeon Crawl Stone Soup version 0.28.0-53-g5a82cb258f (webtiles) character file.

Game seed: 5829485425541085194

228914 Godmorgon the Warrior (level 18, -3/264 HPs)
             Began as a Minotaur Fighter on Aug 8, 2022.
             Was the Champion of the Shining One.
             Slain by a broodmother (25 damage)
             ... on level 4 of the Spider Nest on Aug 9, 2022.
             The game lasted 03:48:13 (48627 turns).

Godmorgon the Warrior (Minotaur Fighter)           Turns: 48627, Time: 03:48:14

Health: -3/264     AC: 34    Str: 34    XL:     18   Next: 72%
Magic:  29/29      EV: 15    Int:  5    God:    the Shining One [******]
Gold:   2905       SH: 17    Dex: 11    Spells: 17/17 levels left

rFire   + + +      SeeInvis .   a - +12 morningstar "Jusib" {venom, rF+++ rN+ Stlth+}
rCold   + . .      Faith    .   Y - +1 kite shield {rC+}
rNeg    + + +      Spirit   .   N - +0 crystal plate armour
rPois   .          Reflect  +   b - +1 hat
rElec   +          Harm     .   f - +2 cloak {Will+}
rCorr   .          Rampage  .   k - +0 pair of gloves
Will    ++...                   K - +0 pair of boots of Recklessness {Drain rElec rN++ Slay+3}
Stlth   ..........              A - amulet of reflection
HPRegen 0.54/turn               s - +4 ring of evasion
MPRegen 0.21/turn               j - +6 ring of strength

@: berserking (expiring), slowed, glowing
A: horns 2, retaliatory headbutt
}: 1/15 runes: decaying
a: Renounce Religion, Divine Shield, Cleansing Flame, Summon Divine Warrior


You were on level 4 of the Spider Nest.
You worshipped the Shining One.
The Shining One was exalted by your worship.
You visited 6 branches of the dungeon, and saw 32 of its levels.
You also visited: Ossuary, Bailey, Gauntlet and Ice Cave.

You collected 4572 gold pieces.
You spent 1667 gold pieces at shops.

Inventory:

Hand Weapons
 a - the +12 morningstar "Jusib" (weapon) {venom, rF+++ rN+ Stlth+}
   (You bought it in a shop on level 2 of the Orcish Mines)

   It poisons the flesh of those it strikes.
   rF:        It renders you almost immune to fire.
   rN:        It protects you from negative energy.
   Stlth:     It makes you more stealthy.
 G - a +5 sacred scourge of holy wrath
Missiles
 o - 4 datura-tipped darts
 v - 4 curare-tipped darts
 x - 43 poisoned darts
 z - 8 boomerangs (quivered)
 F - a throwing net
 M - 36 javelins
 S - 2 atropa-tipped darts
Armour
 b - a +1 hat (worn)
 f - a +2 cloak of willpower (worn)
 k - a +0 pair of gloves (worn)
 I - the -1 cloak "Nasaxturph" {rPois Str+4}
   (You found it on level 3 of the Spider Nest)

   Str:       It affects your strength (+4).
   rPois:     It protects you from poison.
 K - the +0 pair of boots of Recklessness (worn) {Drain rElec rN++ Slay+3}
   (You found it on level 8 of the Dungeon)

   Slay:      It affects your accuracy & damage with ranged weapons and melee
   (+3).
   rElec:     It insulates you from electricity.
   rN:        It greatly protects you from negative energy.
   Drain:     It drains your maximum health when unequipped.
 N - a +0 crystal plate armour (worn)
 Y - a +1 kite shield of cold resistance (worn)
Jewellery
 j - a +6 ring of strength (right hand)
 s - a +4 ring of evasion (left hand)
 t - the ring of Kewyx {Fly Str+3}
   (You acquired it on level 5 of the Lair of Beasts)

   [ring of flight]

   Str:       It affects your strength (+3).
   Fly:       It grants you flight.
 A - an amulet of reflection (around neck)
 R - a ring of ice
Wands
 q - a wand of digging (8)
 L - a wand of acid (33)
Scrolls
 c - 5 scrolls of vulnerability
 d - 8 scrolls of fog
 e - 5 scrolls of immolation
 i - 9 scrolls of fear
 n - 11 scrolls of teleportation
 r - 7 scrolls of blinking
 u - 3 scrolls of summoning
 y - 2 scrolls of silence
 J - 3 scrolls of enchant armour
 O - 2 scrolls of identify
 V - 3 scrolls of magic mapping
Potions
 g - 6 potions of heal wounds
 h - 7 potions of haste
 l - a potion of cancellation
 m - 10 potions of curing
 p - 5 potions of might
 w - 2 potions of magic
 B - 10 potions of lignification
 C - a potion of mutation
 D - a potion of ambrosia
 E - 3 potions of berserk rage
 H - 2 potions of resistance


   Skills:
 + Level 19.2 Fighting
 - Level 16.0 Maces & Flails
 - Level 12.0 Throwing
 + Level 18.8 Armour
 - Level 15.0 Dodging
 - Level 10.0 Shields
 + Level 16.3 Invocations


You had 17 spell levels left.
You didn't know any spells.
Your spell library was empty.

Dungeon Overview and Level Annotations

Branches:
Dungeon (15/15)            Temple (1/1) D:5            Lair (6/6) D:10
  Swamp (4/4) Lair:4       Spider (4/4) Lair:4        Slime (0/5) Lair:5
    Orc (2/2) D:9             Elf (0/3) Orc:2        Vaults (0/5) D:13
 Depths (0/4) D:15        Ossuary (visited)          Bailey (visited)
  IceCv (visited)         Gauntlet (visited)

Altars:
Ashenzari
Cheibriados
Dithmenos
Elyvilon
Fedhas
Gozag
Hepliaklqana
Kikubaaqudgha
Makhleb
Nemelex Xobeh
Okawaru
Qazlal
Ru
Sif Muna
Trog
Uskayaw
Vehumet
Wu Jian
Xom
Yredelemnul
Zin
The Shining One
Beogh
Jiyva
Lugonu

Shops:
D:14 :   Orc:1 [   Orc:2 (**=

Annotations:
D:15 3 runed translucent doors, osoart's ghost, journeyman MiFi
Lair:4 exclusion: oklob plant
Spider:4 exclusion: door


Innate Abilities, Weirdness & Mutations

You have a pair of horns on your head.
You reflexively headbutt those who attack you in melee.


Message History

The torpor snail bites you but does no damage.
The culicivora barely misses you.
You impale the broodmother!!
The broodmother looks as sick as possible!
You headbutt the broodmother.
The broodmother is heavily wounded.
You block the jumping spider's attack. x2; You block the broodmother's attack.
The broodmother bites you!! The jumping spider misses you.
You furiously retaliate!
You headbutt the jumping spider!! The jumping spider bites you.
* * * LOW HITPOINT WARNING * * *
The broodmother barely misses you.
The jumping spider leaps! x2
The culicivora barely misses you. The broodmother bites you!
* * * LOW HITPOINT WARNING * * *
The broodmother bites you!!!
* * * LOW HITPOINT WARNING * * *
The torpor snail barely misses you.
You are too berserk!
You are too berserk!
Unknown command.
Unknown command.
You are too berserk!
Unknown command.
You are too berserk!
Unknown command.
Unknown command.
Unknown command.
Press: ? - help, v - describe, . - travel
Here: a broodmother (heavily wounded, berserk, extremely poisoned, haloed)
The floor, spattered with blood.
Unknown command.
Okay, then.
You impale the broodmother!!
The broodmother looks as sick as possible!
The broodmother is severely wounded.
The jumping spider pounces on you.
* * * LOW HITPOINT WARNING * * *
You block the jumping spider's attack.
The jumping spider leaps!
The broodmother bites you!!
You die...

#..^#..)..#≈..#.^..##..^
##.^###.###≈.##..^..##..
#≈....#.#^..........^...
#≈...^...(...##.....##..
##.......°....##...##≈.†
#.....^......###^###≈..
#...^........≈.#.#.≈...
#≈..###s###...........^
#.###w@s°s###.....†....
#^#.ssss....#.......#.#
###.○.s.^...##^...###.#
#φ...s#.....#...^# ...
#[..s###.s..+...##....
#!... ^...#......^..
##s.. ...##..†##....
#!!. ..#.....# ...
#....≈# .#


You could see 3 broodmothers, a torpor snail (berserk), an orb spider
(summoned), 3 culicivoras and 5 jumping spiders.

Vanquished Creatures
  Nikola (Swamp:1)
  A bone dragon (Swamp:4)
  A thorn hunter (Swamp:2)
  Kirke (D:14)
  A fenstrider witch (Swamp:4)
  4 ghost moths
  An emperor scorpion (Spider:4)
  3 ghouls (Swamp:2)
  2 deep elf elementalists (Orc:1)
  9 broodmothers
  A stone giant (Orc:1)
  4 eleionomae
  A dire elephant (Lair:1)
  4 entropy weavers
  A minotaur (Gauntlet)
  4 bunyips (Swamp:3)
  The ghost of Aricsoirch the Bludgeoner, a journeyman GrFi of Okawaru (Lair:3)
  A fire dragon (Lair:6)
  An ettin (D:14)
  Josephine (Orc:1)
  3 shambling mangroves
  4 boulder beetles
  4 jorogumos
  2 catoblepae (Lair:6)
  17 hydras
  3 ogre magi
  A spriggan air mage (Swamp:2)
  11 two-headed ogres
  A death knight (D:13)
  7 alligators
  2 centaur warriors
  5 tengu warriors
  3 orc high priests (Orc:2)
  Nergalle (D:11)
  2 deep elf knights (D:14)
  A sun moth (Spider:4)
  3 goliath frogs
  4 skeletal warriors
  9 steelbarb worms
  4 pharaoh ants
  9 bog bodies
  6 spriggan druids
  9 orb spiders
  A deep elf archer (D:13)
  5 swamp dragons
  4 deep trolls
  A spectral hydra (Swamp:4)
  2 necromancers
  4 phantasmal warriors
  A wizard (D:15)
  2 lindwurms
  6 orc knights
  19 ugly things
  5 orc sorcerers
  8 deep elf zephyrmancers
  28 wolf spiders
  A manticore (D:14)
  6 deep elf pyromancers
  11 moths of wrath
  An oklob plant (Swamp:4)
  7 cyclopes
  3 will-o-the-wisps
  2 ice statues (IceCv)
  3 gargoyles
  7 torpor snails
  5 black mambas
  4 elephants
  A cane toad (shapeshifter) (D:14)
  2 molten gargoyles (Lair:6)
  4 unseen horrors
  10 cane toads
  A hellion (Gauntlet)
  4 swamp worm zombies (Swamp:4)
  20 demonic crawlers
  6 kobold demonologists
  A rime drake (shapeshifter) (D:14)
  4 freezing wraiths
  3 rime drakes
  6 tengu conjurers
  2 anaconda simulacra (IceCv)
  An efreet (D:14)
  3 yaktaurs (D:13)
  16 komodo dragons
  5 ice devils (IceCv)
  An entropy weaver simulacrum (IceCv)
  4 hydra zombies (Swamp:4)
  A silent spectre (Orc:1)
  11 hornets
  3 bloated husks
  2 polar bears (Lair:4)
  3 trolls
  5 spectral swamp dragons (Swamp:4)
  12 meliai
  9 tyrant leeches
  2 raiju (Gauntlet)
  19 tarantellas
  27 blink frogs
  4 slime creatures
  4 dream sheep (Lair:5)
  3 alligator zombies (Swamp:4)
  Prince Ribbit (D:5)
  26 culicivoras
  3 shadows
  26 jumping spiders
  6 dire elephant simulacra (IceCv)
  2 vampires
  46 yaks
  3 wraiths (Orc:1)
  5 wyverns
  4 hogs (D:14)
  13 spriggans
  2 steam dragons
  66 redbacks
  7 basilisks
  Eustachio (D:4)
  A harpy simulacrum (IceCv)
  11 swamp worms
  A death yak simulacrum (IceCv)
  13 vampire mosquitoes
  3 wargs
  Menkaure (D:6)
  4 hell hounds
  3 swamp drakes
  17 water moccasins
  27 orc warriors
  An ice beast (D:6)
  2 swamp dragon zombies (Swamp:4)
  A sky beast (D:6)
  5 black bears
  18 wolves
  11 ogres
  27 centaurs
  12 phantoms
  6 kobold brigands
  13 bullfrogs
  7 scorpions
  2 gnoll sergeants
  A two-headed ogre simulacrum (IceCv)
  2 wyvern zombies
  A troll zombie (D:9)
  9 killer bees
  4 wights (D:8)
  6 electric eels
  4 howler monkeys
  A crimson imp (Orc:1)
  A bullfrog zombie (D:5)
  5 lava snakes (Lair:6)
  2 jellies
  An iron imp (Orc:1)
  17 orc priests
  3 centaur zombies
  3 hounds
  A bullfrog skeleton (D:6)
  5 centaur skeletons
  An iguana (D:4)
  22 orc wizards
  2 lightning spires (Gauntlet)
  2 wolf simulacra (IceCv)
  5 ogre zombies (D:9)
  5 mummies (Ossuary)
  2 hound skeletons
  A howler monkey zombie (D:8)
  A howler monkey skeleton (D:6)
  23 gnolls
  2 swamp drake zombies (Swamp:4)
  6 adders
  2 shadow imps
  15 white imps
  An ufetubus (D:6)
  An adder skeleton (D:4)
  9 worms
  2 dart slugs
  80 orcs
  7 bats
  10 endoplasms
  6 giant cockroaches
  8 goblins
  11 hobgoblins
  3 jackals (D:5)
  18 kobolds
  A quokka (D:3)
  9 ball pythons
  4 frilled lizards
  3 gnoll zombies (Ossuary)
  2 goblin zombies (D:9)
  4 hobgoblin zombies
  2 orc skeletons (D:9)
  15 orc zombies
  6 rats
  A bush (Lair:4)
1244 creatures vanquished.

Vanquished Creatures (collateral kills)
  Jorgrun (D:14)
1 creature vanquished.

Vanquished Creatures (others)
  A ghost crab (Swamp:4)
  3 bloated husks
  3 humans (D:14)
  A hell hound (Gauntlet)
  A swamp dragon zombie (Swamp:4)
  An orc (Orc:2)
  An endoplasm (D:3)
  A briar patch (Swamp:2)
  3 demonic plants (D:12)
  23 foxfires
  87 fungi
  113 plants
  9 toadstools (Lair:1)
247 creatures vanquished.

Grand Total: 1492 creatures vanquished

Notes
Turn   | Place    | Note
-------+----------+-------------------------------------------
     0 | D:1      | Godmorgon the Minotaur Fighter began the quest for the Orb.
     0 | D:1      | Reached XP level 1. HP: 19/19 MP: 0/0
   113 | D:1      | Reached XP level 2. HP: 24/27 MP: 1/1
  1153 | D:2      | Reached skill level 4 in Fighting
  1153 | D:2      | Reached XP level 3. HP: 33/33 MP: 2/2
  1392 | D:2      | Found a faded altar of an unknown god.
  1709 | D:3      | Found a burning altar of Makhleb.
  1932 | D:3      | Found a shimmering altar of Xom.
  1949 | D:3      | Reached XP level 4. HP: 35/40 MP: 3/3
  2685 | D:4      | Noticed a scorpion
  2685 | D:4      | Found an opulent altar of Gozag.
  2726 | D:4      | Reached XP level 5. HP: 43/47 MP: 4/4
  2958 | D:4      | Noticed a phantom
  3046 | D:4      | Reached skill level 1 in Throwing
  3127 | D:4      | Reached skill level 5 in Maces & Flails
  3127 | D:4      | Reached XP level 6. HP: 44/55 MP: 5/5
  3147 | D:4      | Found an opulent altar of Gozag.
  3155 | D:4      | Found an opulent altar of Gozag.
  3292 | D:4      | Reached skill level 5 in Fighting
  3362 | D:4      | Reached skill level 5 in Armour
  3371 | D:4      | Reached skill level 5 in Shields
  3464 | D:4      | Noticed an orc warrior
  3635 | D:3      | Killed an orc warrior
  3636 | D:3      | Reached XP level 7. HP: 45/61 MP: 6/6
  3861 | D:4      | Noticed Eustachio
  3864 | D:4      | Killed Eustachio
  4219 | D:4      | Found an opulent altar of Gozag.
  4256 | D:5      | Entered Level 5 of the Dungeon
  4256 | D:5      | Noticed Prince Ribbit
  4348 | D:5      | Reached skill level 6 in Fighting
  4353 | D:5      | Found a staircase to the Ecumenical Temple.
  4371 | Temple   | Entered the Ecumenical Temple
  4579 | Temple   | Became a worshipper of the Shining One
  4613 | D:5      | Found a snail-covered altar of Cheibriados.
  4709 | D:5      | Reached XP level 8. HP: 56/70 MP: 7/7
  4833 | D:5      | Killed Prince Ribbit
  5813 | D:6      | Found a stormy altar of Qazlal.
  5847 | D:6      | Found an ornate altar of the Wu Jian Council.
  5884 | D:6      | Found a sand-covered staircase.
  5897 | D:6      | Reached skill level 7 in Fighting
  6014 | Ossuary  | Entered an ossuary
  6049 | Ossuary  | Reached * piety under the Shining One
  6222 | D:6      | Noticed Menkaure
  6222 | D:6      | Reached ** piety under the Shining One
  6242 | D:6      | Killed Menkaure
  6243 | D:6      | Reached XP level 9. HP: 79/79 MP: 5/8
  6488 | D:6      | Reached skill level 1 in Invocations
  6906 | D:7      | Noticed a two-headed ogre
  7052 | D:7      | Noticed a gargoyle
  7077 | D:7      | Killed a gargoyle
  7078 | D:7      | Reached skill level 5 in Throwing
  7324 | D:7      | Identified the amulet "Diastenn" {RegenMP Dex+2}
  7406 | D:7      | Reached skill level 10 in Maces & Flails
  7716 | D:7      | Found a hazy altar of Hepliaklqana.
  7717 | D:7      | Found a faded altar of an unknown god.
  7967 | D:7      | Reached skill level 8 in Fighting
  8412 | D:7      | Killed a two-headed ogre
  8413 | D:7      | Reached XP level 10. HP: 79/88 MP: 10/12
  8516 | D:7      | Found a hazy altar of Hepliaklqana.
  8517 | D:7      | Found a faded altar of an unknown god.
  9271 | D:8      | Identified the +0 pair of boots of Recklessness {Drain
                  | rElec rN++ Slay+3}
  9672 | D:8      | Reached *** piety under the Shining One
  9680 | D:8      | Found a broken altar of Ashenzari.
 10092 | D:9      | Found a flagged portal.
 10099 | Bailey   | Entered a bailey
 10551 | Bailey   | Reached skill level 5 in Invocations
 11819 | D:9      | Reached **** piety under the Shining One
 11825 | D:9      | Reached skill level 9 in Fighting
 11852 | D:9      | Found a staircase to the Orcish Mines.
 12195 | D:9      | Reached XP level 11. HP: 47/97 MP: 14/14
 12451 | D:9      | Noticed a two-headed ogre
 12469 | D:9      | Killed a two-headed ogre
 12764 | D:10     | Entered Level 10 of the Dungeon
 13005 | D:10     | Noticed a two-headed ogre
 13018 | D:10     | Killed a two-headed ogre
 13126 | D:10     | Found a staircase to the Lair.
 13147 | D:10     | Reached ***** piety under the Shining One
 13637 | D:10     | Found a shimmering blue altar of Sif Muna.
 13845 | Lair:1   | Entered Level 1 of the Lair of Beasts
 14197 | Lair:1   | Reached skill level 10 in Armour
 14230 | Lair:1   | Reached skill level 10 in Fighting
 14933 | Lair:1   | Reached XP level 12. HP: 76/106 MP: 17/17
 15517 | Lair:1   | Noticed a dire elephant
 15539 | Lair:1   | Found a runed translucent door.
 15822 | Lair:2   | Noticed a five-headed hydra
 15836 | Lair:2   | Killed a five-headed hydra
 16152 | Lair:2   | Noticed a four-headed hydra
 16284 | Lair:2   | Killed a four-headed hydra
 16513 | Lair:2   | You fall into a shaft and drop 2 floors!
 16513 | Lair:4   | Found a runed translucent gate.
 16514 | Lair:4   | Found a runed translucent gate.
 16514 | Lair:4   | Noticed an eight-headed hydra
 16541 | Lair:4   | Found a blossoming altar of Fedhas.
 17097 | Lair:3   | Noticed an eight-headed hydra
 17097 | Lair:3   | Noticed a five-headed hydra
 17099 | Lair:3   | Identified the ring of Culuul {MP+9 Str+4 Dex+3}
 17809 | Lair:2   | Reached skill level 11 in Fighting
 18406 | Lair:2   | Killed a five-headed hydra
 18407 | Lair:2   | Reached skill level 10 in Invocations
 19303 | Lair:3   | Killed an eight-headed hydra
 19304 | Lair:3   | Reached skill level 10 in Shields
 19806 | Lair:3   | Reached XP level 13. HP: 103/116 MP: 19/19
 19952 | Lair:4   | Noticed Aricsoirch's ghost (journeyman GrFi)
 19957 | Lair:4   | Found a runed translucent gate.
 20248 | Lair:4   | Found a staircase to the Swamp.
 20255 | Lair:4   | Found a hole to the Spider Nest.
 20338 | Lair:4   | Reached skill level 12 in Fighting
 20736 | Lair:3   | Killed Aricsoirch's ghost
 20763 | Lair:4   | Identified the +6 rapier "Vyaczyit" {flame, rPois}
 21352 | Lair:5   | Found a staircase to the Slime Pits.
 21554 | Lair:5   | Identified 2 scrolls of acquirement
 21555 | Lair:5   | Acquired 768 gold pieces
 21557 | Lair:5   | Acquired the ring of Kewyx {Fly Str+3}
 21620 | Lair:5   | Identified the +5 ring mail of Ycat {rF+ Int+4 Stlth-}
 22112 | Lair:6   | Entered Level 6 of the Lair of Beasts
 22907 | Lair:6   | Reached skill level 13 in Fighting
 23645 | Lair:6   | Noticed a fire dragon
 23649 | Lair:6   | Found a large runed translucent door.
 23694 | Lair:6   | Found a large runed translucent door.
 23699 | Lair:6   | Reached XP level 14. HP: 83/129 MP: 21/21
 25015 | D:11     | Found a frozen archway.
 25036 | IceCv    | Entered an ice cave
 26355 | D:11     | Noticed Nergalle
 26368 | D:11     | Killed Nergalle
 27507 | D:12     | Reached skill level 14 in Fighting
 28016 | D:12     | Found a corrupted altar of Lugonu.
 28062 | D:12     | Found a radiant altar of Vehumet.
 28450 | D:13     | Reached skill level 10 in Throwing
 29202 | D:13     | Reached skill level 1 in Dodging
 29202 | D:13     | Reached XP level 15. HP: 94/139 MP: 23/23
 29204 | D:13     | Reached ****** piety under the Shining One
 29213 | D:13     | HP: 2/139 [phantasmal warrior[a death knight] (11)]
 29214 | D:13     | The Shining One protects you from harm!
 30015 | D:13     | Found a gate to the Vaults.
 30392 | D:14     | Noticed Kirke
 30397 | D:14     | Killed Kirke
 30424 | D:14     | Found a gate leading to a gauntlet.
 30446 | Gauntlet | Entered a Gauntlet
 30446 | Gauntlet | Found a transporter.
 30446 | Gauntlet | Found a transporter.
 30448 | Gauntlet | Found a transporter.
 30449 | Gauntlet | Found a transporter.
 30451 | Gauntlet | Found a transporter.
 30464 | Gauntlet | Found a transporter.
 30470 | Gauntlet | Found a transporter.
 30490 | Gauntlet | Reached skill level 15 in Fighting
 30507 | Gauntlet | Found a runed translucent door.
 30533 | Gauntlet | Found a transporter.
 30554 | Gauntlet | Found a transporter.
 30568 | Gauntlet | Found a transporter.
 30593 | Gauntlet | Found a transporter.
 30627 | Gauntlet | Found a transporter.
 30653 | Gauntlet | Found a transporter.
 30656 | Gauntlet | Identified the +0 hat "Sokkoegu" {rN++}
 31169 | D:14     | Paralysed by an ogre mage for 4 turns
 31548 | D:14     | Noticed Jorgrun
 32147 | D:14     | Found Tovvoq's Book Boutique.
 32183 | D:14     | Killed Jorgrun
 32662 | D:15     | Entered Level 15 of the Dungeon
 33014 | D:14     | Reached skill level 15 in Armour
 33402 | D:14     | Reached skill level 5 in Dodging
 33774 | D:15     | Found a staircase to the Depths.
 33808 | D:15     | Found a runed translucent gate.
 33808 | D:15     | Found a runed translucent gate.
 33808 | D:15     | Found a runed translucent gate.
 33811 | D:15     | Noticed osoart's ghost (journeyman MiFi)
 33811 | D:15     | Noticed an azure jelly
 34358 | D:15     | Found a viscous altar of Jiyva.
 34590 | Orc:1    | Entered Level 1 of the Orcish Mines
 34852 | Orc:1    | Found a transporter.
 34859 | Orc:1    | Found a transporter.
 34968 | Orc:1    | Found a runed translucent door.
 34968 | Orc:1    | Found a bloodstained altar of Trog.
 34968 | Orc:1    | Found the +8 Wrath of Trog {antimagic, *Rage Rampage}
 35207 | Orc:1    | Reached XP level 16. HP: 151/151 MP: 25/25
 35242 | Orc:1    | Reached skill level 16 in Fighting
 35393 | Orc:1    | Identified the +0 plate armour of Submission {+Blink}
 35489 | Orc:1    | Found Ymeasia's Armour Shop.
 35576 | Orc:1    | Noticed Josephine
 35582 | Orc:1    | Killed Josephine
 36017 | Orc:2    | Entered Level 2 of the Orcish Mines
 36688 | Orc:2    | Found a staircase to the Elven Halls.
 36720 | Orc:2    | Paralysed by an orc sorcerer for 3 turns
 36786 | Orc:2    | Found Nucoutoe's Jewellery Emporium.
 36786 | Orc:2    | Found Picsodd's Assorted Antiques.
 36788 | Orc:2    | Found Wathroebb's Assorted Antiques.
 36788 | Orc:2    | Found Myush's Antique Weapon Boutique.
 36797 | Orc:2    | Bought a sapphire morningstar for 234 gold pieces
 36797 | Orc:2    | Identified the +12 morningstar "Jusib" {venom, rF+++ rN+
                  | Stlth+} (You bought it in a shop on level 2 of the Orcish
                  | Mines)
 36799 | Orc:2    | Bought a scroll of blinking for 180 gold pieces
 36799 | Orc:2    | Bought a scroll of magic mapping for 84 gold pieces
 36799 | Orc:2    | Bought a scroll of blinking for 180 gold pieces
 36806 | Orc:2    | Bought a small garnet amulet for 120 gold pieces
 36806 | Orc:2    | Bought a pair of glowing gloves for 180 gold pieces
 36814 | Orc:2    | Bought a potion of haste for 220 gold pieces
 36814 | Orc:2    | Bought a ruby potion for 19 gold pieces
 36817 | Orc:2    | Bought an amulet of reflection for 450 gold pieces
 37213 | Swamp:1  | Entered Level 1 of the Swamp
 38091 | Swamp:1  | Noticed Nikola
 38417 | Swamp:1  | Killed Nikola
 39045 | Swamp:2  | Noticed a thorn hunter
 39056 | Swamp:2  | Killed a thorn hunter
 39217 | Swamp:2  | Found a bloodstained altar of Trog.
 39727 | Swamp:3  | Reached skill level 17 in Fighting
 39738 | Swamp:3  | Reached skill level 15 in Maces & Flails
 39805 | Swamp:4  | Entered Level 4 of the Swamp
 40070 | Swamp:2  | Reached XP level 17. HP: 134/161 MP: 27/27
 40694 | Swamp:3  | Reached skill level 10 in Dodging
 40706 | Swamp:3  | Reached skill level 15 in Invocations
 41922 | Swamp:4  | Noticed a bone dragon
 41944 | Swamp:4  | Killed a bone dragon
 41975 | Swamp:4  | Got a decaying rune of Zot
 42488 | Swamp:1  | Identified a +3 sacred scourge of holy wrath (a +1 demon
                  | whip of flaming blessed by the Shining One)
 42488 | Swamp:1  | Received a gift from the Shining One
 43017 | Spider:1 | Entered Level 1 of the Spider Nest
 44590 | Spider:2 | Reached skill level 18 in Fighting
 45399 | Spider:3 | Reached XP level 18. HP: 172/172 MP: 25/28
 46363 | Spider:3 | Identified the -1 hat of Complete Protection {+Blink}
 46565 | Spider:3 | Identified the -1 cloak "Nasaxturph" {rPois Str+4}
 47033 | Spider:4 | Entered Level 4 of the Spider Nest
 47923 | Spider:4 | Reached skill level 19 in Fighting
 48442 | Spider:4 | Reached skill level 15 in Dodging
 48627 | Spider:4 | Slain by a broodmother

Illustrated notes

Levels and vault maps discovered:
D:1:      wheals_arrival_linesprint, layout_rooms, hangedman_decor_slide_cut
D:2:      layout_loops_cross, shapermc_ecumenical_altar_acropolis
D:3:      minmay_bubble_buster, layout_loops_corners,
          mainiacjoe_overflow_concentric_impassable, xom_confusion_cloud
D:4:      kennysheep_six_static_rooms, layout_rooms,
          nicolae_gozag_conspicuous_consumption, guppyfry_early_orc_mine,
          uniq_eustachio
D:5:      layout_gridville, mainiacjoe_overflow_boulevard,
          minmay_temple_entry_offerings, uniq_prince_ribbit1
D:6:      layout_loops_cross, mainiacjoe_overflow_catwalk_spiral,
          nicolae_ossuary_entry_ruins, uniq_menkaure
D:7:      layout_cave_pods, beargit_hepliaklqana_dungeon_heroes
D:8:      layout_rooms, evilmike_ruin_ashenzari
D:9:      layout_roguey, zombieorc1_lemuel, enter_bailey_2, minivault_25
D:10:     layout_rooms, mainiacjoe_overflow_alcove_1,
          due_lair_maze_entry_diamond
D:11:     layout_long_grid, portal_ice_cave_entry_imps, uniq_nergalle
D:12:     kennysheep_kobold_lugonu_temple, layout_long_grid,
          minmay_tree_intersection, nicolae_vehumet_altar_sigil
D:13:     layout_roguey, hangedman_vaults_entry_quadrant_bands
D:14:     layout_basic, serial_shops, nicolae_shop_stone,
          gauntlet_entry_generic, minmay_shattered_shrine, uniq_kirke,
          uniq_jorgrun
D:15:     hangedman_depths_entry_civil_slaughter, layout_rooms,
          gammafunk_ghost_ooze, minmay_misc_feat_rows
Temple:   nicolae_temple_figure_eight
Lair:1:   gammafunk_lair_enchanted_lake, layout_loops_ring, grunt_megastairs_1
Lair:2:   layout_layer_cave, infiniplex_staircase_pool, serial_bayou_shore_a,
          grunt_megastairs_4, serial_bayou_shore_b
Lair:3:   layout_loops_ring, nzn_random_ring, grunt_megastairs_2
Lair:4:   layout_hall_layers, minmay_swamp_entry_swarm,
          nicolae_spider_entry_non_spiders, gammafunk_ghost_split, tgw_fedhas
Lair:5:   layout_misc_corridors, dpeg_slime_entry_corner, minmay_hedge_maze
Lair:6:   cheibrodos_lair_end_hotspot, layout_hall_layers, serial_bayou_shore_b,
          lemuel_fruit_tree
Swamp:1:  layout_basic_swamp, evilmike_swamp_ruin_house_4, uniq_nikola
Swamp:2:  layout_falls_marsh, lemuel_altar_in_water
Swamp:3:  layout_basic_swamp, nicolae_swamp_tree_designs
Swamp:4:  swamp_pestilence, layout_basic_swamp
Spider:1: nicolae_spider_hilbert_zone_2 [nicolae_spider_hilbert_4_sides_1_open,
          nicolae_spider_hilbert_4_sides_1_open,
          nicolae_spider_hilbert_4_sides_1_open,
          nicolae_spider_hilbert_4_sides_1_open,
          nicolae_spider_hilbert_6_sides_1_open,
          nicolae_spider_hilbert_6_sides_1_open,
          nicolae_spider_hilbert_3_sides_1_open,
          nicolae_spider_hilbert_3_sides_1_open,
          nicolae_spider_hilbert_3_sides_1_open,
          nicolae_spider_hilbert_3_sides_1_open,
          nicolae_spider_hilbert_6_sides_1_open,
          nicolae_spider_hilbert_6_sides_1_open,
          nicolae_spider_hilbert_6_sides_1_open,
          nicolae_spider_hilbert_6_sides_1_open]
Spider:2: layout_spider_delve
Spider:3: layout_spider_delve, worms_lemuel
Spider:4: hellmonk_spider_rune_endless_swarm
Orc:1:    emtedronai_trogs_sanctum, layout_caves, serial_shops, shop_fountains,
          hangedman_minor_magic, uniq_josephine
Orc:2:    grunt_orc_tribal_feast, layout_diamond_mine, mines2_david

Skill      XL: |  1  2  3  4  5  6  7  8  9 10 11 12 13 14 15 16 17 18 |
---------------+-------------------------------------------------------+-----
Maces & Flails | 3 4 5 7 9 10 11 13 14 15 16 | 16.0
Armour         | 4 5 6 7 8 9 10 12 14 15 16 17 18 | 18.8
Fighting       | 4 5 6 7 8 9 10 11 13 14 15 17 18 19 | 19.2
Shields        | 4 5 6 8 10 | 10.0
Throwing       | 1 2 3 4 5 6 8 10 11 12 | 12.0
Invocations    | 4 6 8 10 11 12 13 14 15 16 | 16.3
Dodging        | 1 5 9 13 15 | 15.0

Action                   |  1- 3 |  4- 6 |  7- 9 | 10-12 | 13-15 | 16-18 || total
-------------------------+-------+-------+-------+-------+-------+-------++-------
Melee: Flail             |    98 |   123 |   295 |   662 |   973 |   169 ||  2320
       Headbutt          |    11 |    19 |    57 |   187 |   296 |   370 ||   940
       Morningstar       |       |       |       |       |       |  1037 ||  1037
Throw: Dart              |       |       |     8 |    23 |    18 |     2 ||    51
       Boomerang         |       |       |     9 |    57 |    55 |    98 ||   219
       Javelin           |       |       |       |       |    35 |     2 ||    37
Invok: Divine Shield     |       |       |     2 |    15 |    30 |    26 ||    73
       Cleansing Flame   |       |       |       |       |     1 |    11 ||    12
       Summon Divine War |       |       |       |       |     1 |       ||     1
       Brand Weapon With |       |       |       |       |       |     1 ||     1
 Abil: Evoke Blink       |       |       |       |       |       |     1 ||     1
Evoke: Wand              |       |       |       |       |     3 |     3 ||     6
  Use: Potion            |       |     1 |     1 |     2 |     3 |     2 ||     9
       Scroll            |       |       |     9 |     6 |    19 |     6 ||    40
Armor: Scale mail        |     6 |       |       |       |       |       ||     6
       Chain mail        |    45 |    68 |   158 |   263 |   248 |       ||   782
       Crystal plate arm |       |       |       |       |    23 |   635 ||   658
Dodge: Dodged            |    28 |    37 |    88 |   159 |   332 |   589 ||  1233
Block: Buckler           |    19 |    24 |    57 |       |       |       ||   100
       Kite shield       |       |       |     7 |   386 |   604 |  1511 ||  2508
       Reflection        |       |       |       |       |       |    15 ||    15
